Map: 트라이튼 - 래더

Players

soO - Winner!

  • Race: Zerg Zerg
  • League: Master
  • Spawn Location: 5:00

Bunny

  • Race: Terran Terran
  • Spawn Location: 11:00

Event: HomeStory Cup XX

VOD

Have the link to the VOD?

Description

Time

  • Played on: Nov. 22, 2019, 6:27 a.m.
  • Length: 9:04

All games in this series

Show
View Real Time Build Order
Export as new Build Order

soO Zerg - Winner!

Build Orders: Pool First 

Get SALT Encoding   

  12  0:00  Drone  
  13  0:12  Overlord  
  13  0:16  Drone  
  14  0:30  Drone x2  
  14  0:33  Drone  
  17  0:45  Extractor, Drone  
  17  0:49  Spawning Pool  
  16  0:55  Drone  
  17  1:06  Drone  
  18  1:16  Hatchery  
  17  1:23  Drone  
  18  1:35  Queen  
  18  1:36  Zergling x2  
  21  1:46  Metabolic Boost  
  21  1:48  Overlord  
  21  1:52  Drone  
  22  2:08  Drone  
  23  2:11  Drone  
  23  2:14  Queen  
  26  2:27  Zergling x2  
  26  2:28  Queen, Drone  
  30  2:36  Drone  
  31  2:41  Zergling x2  
  31  2:43  Zergling x2  
  33  2:44  Zergling x2  
  33  2:46  Overlord  
  33  2:47  Drone  
  33  2:50  Drone  
  36  3:07  Hatchery  
  36  3:09  Drone x3  
  36  3:11  Drone  
  39  3:17  Drone  
  40  3:22  Drone x2  
  40  3:23  Overlord  
  40  3:25  Drone  
  43  3:28  Drone  
  43  3:40  Queen  
  45  3:47  Drone x2  
  47  3:48  Drone  
  47  3:49  Drone  
  47  3:51  Drone  
  47  3:53  Drone  
  51  3:57  Overlord  
  51  4:02  Overlord  
  51  4:06  Overlord  
  51  4:08  Lair  
  51  4:13  Roach Warren  
  51  4:15  Zergling x2  
  51  4:16  Zergling x4  
  53  4:18  Queen, Drone x2  
  53  4:20  Drone  
  53  4:23  Drone  
  59  4:26  Overlord  
  59  4:27  Drone x2  
  59  4:30  Extractor  
  60  4:34  Drone x4  
  60  4:35  Drone  
  65  4:40  Spore Crawler  
  65  4:41  Drone  
  65  4:46  Extractor  
  65  4:50  Drone  
  65  4:57  Roach x4  
  65  4:58  Overlord  
  73  5:03  Drone  
  73  5:04  Drone x2  
  73  5:05  Drone x2  
  73  5:06  Spore Crawler  
  76  5:07  Spore Crawler  
  76  5:08  Glial Reconstitution  
  76  5:13  Drone  
  77  5:14  Drone x3  
  81  5:23  Queen  
  81  5:24  Queen  
  83  5:29  Drone x2  
  83  5:31  Overseer  
  85  5:38  Drone x2  
  85  5:39  Queen  
  85  5:42  Drone x3  
  91  5:43  Drone  
  90  5:53  Drone  
  90  5:54  Drone  
  90  5:56  Nydus Network  
  91  5:57  Extractor x2  
  91  6:02  Queen  
  91  6:03  Queen  
  92  6:10  Overlord x2  
  92  6:11  Overlord  
  92  6:12  Overlord  
  92  6:15  Overlord  
  92  6:20  Overlord  
  88  6:28  Roach  
  88  6:29  Roach x4  
  88  6:30  Roach x5  
  106  6:33  Nydus Canal  
  106  6:39  Roach x2  
  113  6:40  Roach x3  
  113  6:43  Roach x2  
  119  6:55  Roach x2  
  119  6:56  Roach x3  
  119  6:57  Roach  
  119  6:58  Roach  
  119  7:00  Roach  
  135  7:05  Nydus Canal  
  135  7:09  Roach  
  135  7:12  Queen x2  
  135  7:14  Ravager  
  135  7:25  Roach  
  135  7:29  Queen, Roach  
  137  7:35  Roach x2  
  137  7:41  Roach  
  133  7:45  Roach x2  
  133  7:48  Overlord  
  137  7:54  Queen  
  137  8:00  Queen  
  137  8:01  Nydus Canal  
  137  8:02  Roach  
  137  8:03  Overseer  
  137  8:05  Queen  
  133  8:08  Roach  
  133  8:09  Roach x4  
  133  8:11  Roach x2  
  139  8:25  Hatchery, Drone x2  
  139  8:26  Drone  
  139  8:31  Drone  
  132  8:35  Drone  
  132  8:37  Drone  
  132  8:38  Spire  
  132  8:39  Drone  
  132  8:40  Drone x2  
  132  8:41  Drone x2  
  130  8:42  Drone  
  130  8:44  Drone  
  127  8:49  Drone  
  127  8:53  Evolution Chamber  
  127  8:54  Evolution Chamber  
Show
View Real Time Build Order
Export as new Build Order

Bunny Terran 

Build Orders: Hellion Opening, Reaper Expand, Mech 

Get SALT Encoding   

  12  0:00  SCV  
  13  0:12  SCV  
  14  0:17  Supply Depot  
  14  0:24  SCV  
  15  0:39  SCV  
  15  0:40  Barracks  
  16  0:44  Refinery  
  16  0:51  SCV  
  17  1:03  SCV  
  18  1:15  SCV  
  19  1:27  Orbital Command, Reaper  
  20  1:39  Command Center  
  20  1:52  SCV  
  20  1:53  Supply Depot  
  21  1:59  Marine  
  22  2:04  SCV  
  23  2:08  Factory  
  22  2:16  SCV  
  22  2:18  Refinery  
  22  2:21  Barracks Reactor  
  23  2:28  SCV  
  24  2:40  SCV  
  25  2:52  Orbital Command  
  25  2:53  SCV  
  25  2:55  Starport  
  26  3:04  Hellion x2  
  26  3:05  SCV  
  31  3:07  Barracks Tech Lab  
  31  3:17  SCV x2  
  32  3:25  Hellion x2  
  35  3:29  SCV x2  
  37  3:34  Fusion Core  
  38  3:41  SCV x2  
  38  3:48  Supply Depot  
  39  3:53  Hellion x2, SCV x2  
  39  3:54  Marine  
  45  4:05  SCV  
  47  4:10  Supply Depot, SCV  
  47  4:21  Battlecruiser  
  47  4:23  SCV  
  54  4:30  Supply Depot  
  54  4:32  SCV  
  54  4:37  Hellion x2  
  54  4:38  SCV  
  58  4:42  Command Center  
  58  4:44  SCV  
  59  4:47  Weapon Refit  
  59  4:52  SCV  
  60  4:56  SCV  
  60  4:59  Refinery  
  61  5:00  Refinery  
  61  5:04  SCV  
  62  5:08  SCV  
  62  5:09  Supply Depot  
  62  5:11  Hellion x2  
  67  5:16  SCV  
  67  5:20  Supply Depot, SCV  
  69  5:30  SCV  
  69  5:32  SCV  
  69  5:33  Battlecruiser  
  75  5:43  SCV  
  75  5:45  SCV  
  77  5:53  Factory  
  77  5:54  Factory  
  77  5:55  Orbital Command, SCV  
  79  5:57  Barracks Tech Lab, SCV  
  79  6:00  Supply Depot  
  79  6:07  SCV  
  79  6:09  SCV  
  81  6:13  Hellion x2  
  81  6:17  Armory  
  85  6:18  Armory  
  85  6:21  Orbital Command  
  85  6:26  SCV x2  
  83  6:34  Hellion  
  83  6:35  Hellion  
  83  6:38  SCV x2  
  83  6:43  Supply Depot  
  89  6:49  Refinery x2, Engineering Bay  
  89  6:50  SCV  
  89  6:52  Factory Tech Lab, SCV  
  89  6:53  SCV  
  92  6:57  Siege Tank  
  94  7:02  SCV  
  86  7:18  SCV x3  
  89  7:33  Hellion x2  
  89  7:37  Supply Depot  
  89  7:41  Hellion  
  70  8:07  Factory  
  70  8:11  Factory  
  66  8:13  Factory  
  66  8:17  Factory  
  66  8:19  Factory  
  54  8:38  SCV x2  
  39  8:50  SCV  
Tags
 
Add a new tag
Caveats
  • Supply blocks, unpowered buildings, or Contaminate may cause inaccurate times.
  • Supply counts are checked every 10 seconds.